 Dungeon Crawl Stone Soup version 0.31-a0-1227-g0136665373 (webtiles) character file.

Game seed: 4196996252639882800

90 LeprechaunX the Changeling (level 4, -1/29 HPs)
             Began as an Octopode Shapeshifter on Dec 14, 2023.
             Slain by a gnoll
             ... wielding a +0 spear
              (8 damage)
             ... on level 2 of the Dungeon.
             The game lasted 00:01:19 (1526 turns).

LeprechaunX the Changeling (Octopode Shapeshifter)  Turns: 1526, Time: 00:01:20

Health: -1/29      AC:  1    Str: 13    XL:     4   Next: 56%
Magic:  4/4        EV: 13    Int: 12    God:
Gold:   132        SH:  0    Dex: 13    Spells: 3/3 levels left

rFire   . .          .
                       - Unarmed
rCold   . . .        (no shield)
rNeg    . . .        (helmet currently unavailable)
rPois   .            (no amulet)
rElec   .            (no ring)
rCorr   .            (no ring)
SInv    .            (no ring)
Will    .....        (no ring)
Stlth   ++           (no ring)
HPRegen 0.24/turn    (no ring)
MPRegen 0.09/turn    (no ring)
                     (no ring)

%: no passive effects
@: beast-form
A: beast (slay +2), almost no armour, amphibious, 8 rings, camouflage 1,
gelatinous body 1, (nimble swimmer 1), tentacles
a: Begin Untransformation


You were on level 2 of the Dungeon.
You were a hulking beast.
You visited 1 branch of the dungeon, and saw 2 of its levels.

You collected 132 gold pieces.

Inventory:

Hand Weapons
 j - a +0 arbalest
Armour
 h - a +0 hat
Jewellery
 g - an amulet of faith
 m - a ring of ice
Talismans
 b - a beast talisman
 c - a flux talisman
 f - a blade talisman
Scrolls
 d - a scroll of enchant armour {unknown}
 e - a scroll of vulnerability {unknown}
 k - a scroll of identify {unknown}
 n - a scroll of silence {unknown}
Potions
 a - a potion of lignification
 i - a potion of degeneration {unknown}
 l - a potion of mutation {unknown}


   Skills:
 + Level 1.9 Fighting
 + Level 2.6 Dodging
 + Level 3.5 Unarmed Combat
 * Level 3.9 Shapeshifting


You had 3 spell levels left.
You didn't know any spells.
Your spell library was empty.

Dungeon Overview and Level Annotations

Branches:
Dungeon (2/15)

Altars:


Innate Abilities, Weirdness & Mutations

You are a hulking beast.
Your limbs bulge with bestial killing power. (Slay +2)
You cannot wear most types of armour.
You are amphibious.
You can wear up to eight rings at the same time.
Your skin changes colour to match your surroundings (Stealth+).
Your rubbery body absorbs attacks. (AC +1, EV +1)
((You are camouflaged when in or above water. (Stealth+)))
You have tentacles for arms and can constrict up to eight enemies at once.


Message History

You bludgeon the gnoll!
You kill the gnoll!
The gnoll hits you from afar with a +0 spear!
The gnoll hits you with a +0 spear!
You see here a +0 whip.
You are too injured to fight recklessly!
You are too injured to fight recklessly!
You are too injured to fight recklessly!
You are too injured to fight recklessly!
You are too injured to fight recklessly!
You are too injured to fight recklessly!
You are too injured to fight recklessly!
You are too injured to fight recklessly!
You are too injured to fight recklessly!
You are too injured to fight recklessly!
You are too injured to fight recklessly!
You are too injured to fight recklessly!
You are too injured to fight recklessly!
You are too injured to fight recklessly!
You are too injured to fight recklessly!
You are too injured to fight recklessly!
You are too injured to fight recklessly!
You are too injured to fight recklessly!
Unknown command.
You closely miss the gnoll. Your grab misses the gnoll.
Your squeeze misses the gnoll. The gnoll misses you.
You tentacle-slap the gnoll but do no damage.
You grab the gnoll. You constrict the gnoll. The gnoll barely misses you.
You tentacle-slap the gnoll.
The gnoll is heavily wounded.
You constrict the gnoll. The gnoll barely misses you.
You tentacle-slap the gnoll but do no damage.
The gnoll is severely wounded.
You constrict the gnoll, but do no damage.
The gnoll hits you with a +0 spear.
* * * LOW HITPOINT WARNING * * *
You tentacle-slap the gnoll.
The gnoll is severely wounded.
You constrict the gnoll. The gnoll hits you with a +0 spear!
You die...

###########
#..hg....[.
#.#########
#.##################
#.)............<....
#$##################
###


You could see a gnoll.

Vanquished Creatures
  2 gnolls (D:2)
  3 adders (D:2)
  A worm (D:2)
  2 dart slugs (D:1)
  3 ball pythons
  2 endoplasms (D:1)
  4 goblins
  4 hobgoblins
  3 kobolds
  2 quokkas (D:1)
  6 bats
  3 frilled lizards (D:2)
  3 rats
38 creatures vanquished.

Notes
Turn   | Place    | Note
-------+----------+-------------------------------------------
     0 | D:1      | LeprechaunX the Octopode Shapeshifter began the quest for
                  | the Orb.
     0 | D:1      | Reached XP level 1. HP: 13/13 MP: 1/1
   157 | D:1      | Reached XP level 2. HP: 18/18 MP: 2/2
   602 | D:1      | Reached XP level 3. HP: 23/23 MP: 3/3
  1256 | D:2      | Reached XP level 4. HP: 22/29 MP: 4/4
  1526 | D:2      | Slain by a gnoll

Illustrated notes

Levels and vault maps discovered:
D:1:      ebering_trefoil_twist, layout_loops_ring
D:2:      layout_basic

Action                     |  1- 3 |  4- 6 || total
---------------------------+-------+-------++-------
  Melee: Unarmed           |    59 |    17 ||    76
         Constrict         |    22 |     6 ||    28
         Tentacles         |     8 |     1 ||     9
         Punch             |     2 |     1 ||     3
   Stab: Sleeping          |    11 |       ||    11
 Armour: Skin              |    20 |     9 ||    29
  Dodge: Dodged            |    23 |     7 ||    30

Table legend: (Time is in decaauts)
 A = Elapsed time spent in this place.
 B = Non-inter-level travel time spent in this place.
 C = Inter-level travel time spent in this place.
 D = Time resting spent in this place.
 E = Time spent auto-exploring this place.
 F = Levels seen in this place.
 G = Mean time per level.
                   A        B        C        D        E       F      G
               +--------+--------+--------+--------+--------+-----+--------+
         Total |   1521 |   1483 |     38 |      0 |   1243 |   2 |  760.5 |
       Dungeon |   1521 |   1483 |     38 |      0 |   1243 |   2 |  760.5 |
               +--------+--------+--------+--------+--------+-----+--------+

Top non-repeatable levels by time:
     D:1: 763 daAuts
     D:2: 757 daAuts
